[ PARTIDA AOE2 · #477276115 ]
UnrankedFrancos vs Slavs
[ ANÁLISIS DE REPETICIÓN · EXTRAÍDO DE LA PARTIDA GRABADA ]
Feudal
12:00
Castillos
20:32
Imperial
39:32
| APM promedio | 13.2 |
| APM pico | 31 |
| eAPM promedio | 11.7 |
| Aldeanos / militares | 118 / 141 |
Foco
⚔️ 43.2% · 🌾 56.8%
Militia ×70 · Spearman ×46 · Trade Cart ×17 · Throwing Axeman ×11 · Knight ×7 · Trebuchet (Packed) ×4
Feudal
13:07
Castillos
18:23
Imperial
31:59
| APM promedio | 19.0 |
| APM pico | 51 |
| eAPM promedio | 15.5 |
| Aldeanos / militares | 154 / 104 |
Foco
⚔️ 28.0% · 🌾 72.0%
Knight ×49 · Teutonic Knight ×27 · Spearman ×14 · Mangonel ×4 · Battering Ram ×4 · Scout Cavalry ×3
Feudal
13:56
Castillos
20:59
Imperial
37:45
| APM promedio | 9.1 |
| APM pico | 34 |
| eAPM promedio | 8.1 |
| Aldeanos / militares | 97 / 80 |
Foco
⚔️ 33.3% · 🌾 66.7%
Militia ×44 · Spearman ×18 · Boyar ×9 · Trebuchet (Packed) ×4 · Mangonel ×3 · Battering Ram ×2
Feudal
10:05
Castillos
19:53
Imperial
28:01
| APM promedio | 14.2 |
| APM pico | 34 |
| eAPM promedio | 10.5 |
| Aldeanos / militares | 113 / 150 |
Foco
⚔️ 26.0% · 🌾 74.0%
Scorpion ×80 · Ballista Elephant ×63 · Trebuchet (Packed) ×6 · Monk ×1
Feudal
—
Castillos
—
Imperial
—
| APM promedio | 11.7 |
| APM pico | 72 |
| eAPM promedio | 8.5 |
| Aldeanos / militares | 74 / 70 |
Foco
⚔️ 28.0% · 🌾 72.0%
Spearman ×42 · Scout Cavalry ×16 · Militia ×8 · Monk ×2 · Battering Ram ×2
Feudal
11:42
Castillos
21:34
Imperial
—
| APM promedio | 11.2 |
| APM pico | 46 |
| eAPM promedio | 7.8 |
| Aldeanos / militares | 148 / 52 |
Foco
⚔️ 20.8% · 🌾 79.2%
Battle Elephant ×51 · Ballista Elephant ×1
Mapa de la partida
Recursos iniciales + cada clic de construcción. Líneas = muros · curvas = relieve. ◆ oro · ⬟ piedra · ● bayas · ✦ reliquia · ◌ hueco del cierre
Tu base· ✓ Cerrada en 20:32 · 0t muro · 3 puerta(s)
Base de Frog 2nd· ✓ Cerrada en 18:23 · 0t muro · 2 puerta(s)
Base de tstien40· ✓ Cerrada en 20:59 · 0t muro · 2 puerta(s)
Base de DrGranny· ✓ Cerrada en 19:53 · 0t muro · 2 puerta(s)
Base de CHILEPALESTA· ✓ Cerrada en 19:09 · 0t muro · 2 puerta(s)
Base de Juicee· ✓ Cerrada en 21:34 · 0t muro · 3 puerta(s)
Terreno inicial suavizado · ◌ = hueco del cierre detectado · pasá el cursor para detalles
Inputs por minuto
— 32066588 - - Frog 2nd
Build order — 32066588
Primeras 150 de 431 acciones detectadas
| 0:04 | Crear | Villager (Male) |
| 0:04 | Crear | Villager (Male) |
| 0:04 | Crear | Villager (Male) |
| 0:05 | Crear | Villager (Male) |
| 0:05 | Crear | Villager (Male) |
| 0:24 | Construir | House |
| 0:26 | Construir | House |
| 0:29 | Construir | House |
| 0:31 | Construir | House |
| 2:02 | Crear | Villager (Male) |
| 2:02 | Crear | Villager (Male) |
| 2:23 | Construir | Lumber Camp |
| 2:29 | Crear | Villager (Male) |
| 2:29 | Crear | Villager (Male) |
| 2:38 | Crear | Villager (Male) |
| 2:38 | Crear | Villager (Male) |
| 3:04 | Crear | Villager (Male) |
| 3:04 | Crear | Villager (Male) |
| 3:28 | Crear | Villager (Male) |
| 3:52 | Crear | Villager (Male) |
| 3:52 | Crear | Villager (Male) |
| 4:27 | Crear | Villager (Male) |
| 4:28 | Crear | Villager (Male) |
| 4:52 | Crear | Villager (Male) |
| 4:54 | Crear | Villager (Male) |
| 5:50 | Crear | Villager (Male) |
| 5:58 | Construir | Mining Camp |
| 6:04 | Crear | Villager (Male) |
| 6:05 | Crear | Villager (Male) |
| 7:46 | Crear | Villager (Male) |
| 7:46 | Crear | Villager (Male) |
| 7:46 | Crear | Villager (Male) |
| 7:48 | Crear | Villager (Male) |
| 9:50 | Investigar | Feudal Age |
| 10:13 | Construir | Mill |
| 11:07 | Construir | Barracks |
| 12:00 | Edad | Edad Feudal |
| 12:06 | Investigar | Man-at-Arms (upgrade) |
| 12:15 | Crear | Villager (Male) |
| 12:15 | Crear | Villager (Male) |
| 12:16 | Crear | Villager (Male) |
| 12:16 | Crear | Villager (Male) |
| 12:16 | Crear | Villager (Male) |
| 12:16 | Crear | Villager (Male) |
| 12:17 | Crear | Villager (Male) |
| 12:21 | Construir | House |
| 12:23 | Construir | House |
| 12:25 | Construir | House |
| 12:27 | Construir | House |
| 12:40 | Construir | Farm |
| 12:41 | Construir | Farm |
| 12:43 | Construir | Farm |
| 12:43 | Construir | Farm |
| 12:43 | Construir | Farm |
| 12:52 | Investigar | Double-Bit Axe |
| 13:27 | Crear | Villager (Male) |
| 13:28 | Crear | Villager (Male) |
| 13:43 | Construir | Farm |
| 13:43 | Construir | Farm |
| 13:44 | Construir | Farm |
| 13:45 | Construir | Farm |
| 13:46 | Construir | Farm |
| 14:04 | Crear | Villager (Male) |
| 14:04 | Crear | Villager (Male) |
| 14:24 | Construir | Farm |
| 14:26 | Construir | Farm |
| 14:26 | Construir | Farm |
| 14:27 | Construir | Farm |
| 14:27 | Construir | Farm |
| 14:27 | Construir | Farm |
| 14:28 | Construir | Farm |
| 15:21 | Construir | Market |
| 16:05 | Construir | Blacksmith |
| 16:27 | Crear | Villager (Male) |
| 16:27 | Crear | Villager (Male) |
| 16:34 | Construir | Farm |
| 16:35 | Construir | Farm |
| 16:41 | Construir | Farm |
| 17:33 | Crear | Trade Cart |
| 17:39 | Construir | Farm |
| 17:52 | Investigar | Castle Age |
| 18:03 | Crear | Militia |
| 18:40 | Crear | Spearman |
| 18:40 | Crear | Spearman |
| 18:41 | Crear | Militia |
| 18:41 | Crear | Militia |
| 19:17 | Investigar | Scale Mail Armor |
| 19:22 | Investigar | Forging |
| 19:46 | Construir | House |
| 19:47 | Construir | House |
| 19:48 | Construir | House |
| 20:23 | Crear | Villager (Male) |
| 20:24 | Crear | Villager (Male) |
| 20:25 | Crear | Villager (Male) |
| 20:25 | Crear | Villager (Male) |
| 20:32 | Edad | Edad de los Castillos |
| 20:43 | Construir | Town Center |
| 20:58 | Construir | Town Center |
| 21:14 | Construir | House |
| 21:16 | Construir | House |
| 21:39 | Crear | Villager (Male) |
| 21:39 | Crear | Villager (Male) |
| 21:39 | Crear | Villager (Male) |
| 21:55 | Investigar | Pikeman (upgrade) |
| 22:15 | Crear | Villager (Male) |
| 22:15 | Crear | Villager (Male) |
| 22:16 | Crear | Villager (Male) |
| 22:16 | Crear | Villager (Male) |
| 22:24 | Crear | Villager (Male) |
| 22:25 | Crear | Villager (Male) |
| 22:25 | Crear | Villager (Male) |
| 22:39 | Investigar | Long Swordsman (upgrade) |
| 24:04 | Construir | Siege Workshop |
| 24:06 | Crear | Villager (Male) |
| 24:07 | Crear | Villager (Male) |
| 24:07 | Crear | Villager (Male) |
| 24:07 | Crear | Villager (Male) |
| 24:08 | Crear | Villager (Male) |
| 24:44 | Construir | Monastery |
| 24:49 | Construir | University |
| 24:56 | Construir | Siege Workshop |
| 25:04 | Crear | Villager (Male) |
| 25:05 | Crear | Villager (Male) |
| 25:07 | Crear | Villager (Male) |
| 25:43 | Crear | Villager (Male) |
| 25:43 | Crear | Villager (Male) |
| 25:53 | Crear | Trade Cart |
| 25:54 | Crear | Trade Cart |
| 25:59 | Crear | Villager (Male) |
| 26:00 | Crear | Villager (Male) |
| 26:02 | Crear | Villager (Male) |
| 26:03 | Crear | Villager (Male) |
| 26:22 | Investigar | Gold Mining |
| 26:24 | Investigar | Stone Mining |
| 26:45 | Construir | Castle |
| 27:08 | Crear | Villager (Male) |
| 27:43 | Construir | Town Center |
| 27:52 | Crear | Mangonel |
| 27:52 | Crear | Mangonel |
| 28:16 | Crear | Militia |
| 28:16 | Crear | Militia |
| 28:17 | Crear | Militia |
| 28:17 | Crear | Militia |
| 28:34 | Construir | Stone Wall |
| 28:51 | Crear | Spearman |
| 28:51 | Crear | Spearman |
| 28:52 | Crear | Spearman |
| 29:09 | Crear | Spearman |
| 29:09 | Crear | Spearman |
| 29:17 | Investigar | Fletching |
Build order — Frog 2nd
Primeras 150 de 429 acciones detectadas
| 0:02 | Crear | Villager (Male) |
| 0:03 | Crear | Villager (Male) |
| 0:03 | Crear | Villager (Male) |
| 0:06 | Construir | House |
| 0:08 | Construir | House |
| 0:08 | Construir | House |
| 0:13 | Crear | Villager (Male) |
| 0:13 | Crear | Villager (Male) |
| 1:35 | Crear | Villager (Male) |
| 1:50 | Construir | Mill |
| 2:09 | Crear | Villager (Male) |
| 2:31 | Crear | Villager (Male) |
| 2:32 | Crear | Villager (Male) |
| 3:02 | Crear | Villager (Male) |
| 3:02 | Crear | Villager (Male) |
| 3:36 | Crear | Villager (Male) |
| 3:37 | Crear | Villager (Male) |
| 3:58 | Crear | Villager (Male) |
| 4:36 | Crear | Villager (Male) |
| 4:36 | Crear | Villager (Male) |
| 4:40 | Crear | Villager (Male) |
| 4:40 | Crear | Villager (Male) |
| 4:40 | Crear | Villager (Male) |
| 5:05 | Crear | Villager (Male) |
| 5:05 | Crear | Villager (Male) |
| 5:18 | Construir | House |
| 5:42 | Crear | Villager (Male) |
| 5:42 | Crear | Villager (Male) |
| 5:52 | Construir | House |
| 5:59 | Construir | House |
| 6:00 | Construir | House |
| 6:03 | Crear | Villager (Male) |
| 6:04 | Crear | Villager (Male) |
| 6:18 | Construir | Lumber Camp |
| 6:37 | Crear | Villager (Male) |
| 6:37 | Crear | Villager (Male) |
| 6:58 | Construir | House |
| 7:19 | Crear | Villager (Male) |
| 7:20 | Crear | Villager (Male) |
| 7:20 | Crear | Villager (Male) |
| 7:21 | Crear | Villager (Male) |
| 7:21 | Crear | Villager (Male) |
| 7:34 | Construir | Farm |
| 7:46 | Construir | Farm |
| 7:50 | Construir | Farm |
| 7:51 | Investigar | Loom |
| 8:01 | Construir | House |
| 8:07 | Construir | Farm |
| 8:21 | Crear | Villager (Male) |
| 8:21 | Crear | Villager (Male) |
| 8:22 | Crear | Villager (Male) |
| 8:49 | Construir | Barracks |
| 9:07 | Construir | Farm |
| 9:09 | Construir | Farm |
| 9:10 | Crear | Villager (Male) |
| 9:10 | Crear | Villager (Male) |
| 9:10 | Crear | Villager (Male) |
| 9:41 | Crear | Villager (Male) |
| 9:41 | Crear | Villager (Male) |
| 9:41 | Crear | Villager (Male) |
| 9:48 | Construir | Mining Camp |
| 10:06 | Construir | Farm |
| 10:07 | Crear | Villager (Male) |
| 10:07 | Crear | Villager (Male) |
| 10:31 | Construir | Mining Camp |
| 10:38 | Construir | Farm |
| 10:39 | Crear | Villager (Male) |
| 10:39 | Crear | Villager (Male) |
| 10:46 | Investigar | Feudal Age |
| 10:53 | Construir | Farm |
| 10:58 | Construir | Farm |
| 11:06 | Construir | Farm |
| 13:07 | Edad | Edad Feudal |
| 13:08 | Investigar | Wheelbarrow |
| 13:08 | Investigar | Wheelbarrow |
| 13:09 | Investigar | Horse Collar |
| 13:11 | Investigar | Double-Bit Axe |
| 13:18 | Construir | Blacksmith |
| 13:25 | Construir | Archery Range |
| 13:31 | Crear | Villager (Male) |
| 13:36 | Crear | Villager (Male) |
| 13:36 | Crear | Villager (Male) |
| 15:43 | Investigar | Castle Age |
| 15:56 | Construir | Market |
| 16:07 | Investigar | Stone Mining |
| 16:26 | Investigar | Gold Mining |
| 18:23 | Edad | Edad de los Castillos |
| 18:24 | Investigar | Hand Cart |
| 18:26 | Investigar | Bow Saw |
| 18:38 | Construir | Town Center |
| 18:43 | Construir | Town Center |
| 18:53 | Crear | Villager (Male) |
| 18:53 | Crear | Villager (Male) |
| 19:29 | Crear | Villager (Male) |
| 19:29 | Crear | Villager (Male) |
| 19:38 | Crear | Villager (Male) |
| 19:38 | Crear | Villager (Male) |
| 19:47 | Crear | Villager (Male) |
| 19:55 | Crear | Villager (Male) |
| 19:59 | Crear | Villager (Male) |
| 20:02 | Crear | Villager (Male) |
| 20:12 | Construir | Town Center |
| 20:38 | Investigar | Loom |
| 20:41 | Investigar | Town Watch |
| 20:42 | Crear | Villager (Male) |
| 20:45 | Crear | Villager (Male) |
| 20:59 | Crear | Spearman |
| 20:59 | Crear | Spearman |
| 21:02 | Crear | Spearman |
| 21:20 | Crear | Villager (Male) |
| 21:41 | Crear | Spearman |
| 21:52 | Crear | Villager (Male) |
| 21:52 | Crear | Villager (Male) |
| 21:55 | Crear | Villager (Male) |
| 21:56 | Crear | Villager (Male) |
| 22:15 | Construir | Castle |
| 22:33 | Construir | House |
| 22:38 | Construir | House |
| 22:48 | Construir | House |
| 23:01 | Construir | House |
| 23:18 | Construir | Mining Camp |
| 23:35 | Crear | Villager (Male) ×5 |
| 23:35 | Crear | Villager (Male) ×5 |
| 23:35 | Crear | Villager (Male) ×4 |
| 23:50 | Construir | Siege Workshop |
| 24:28 | Crear | Battering Ram |
| 24:28 | Crear | Battering Ram |
| 24:34 | Crear | Villager (Male) ×5 |
| 24:41 | Construir | Farm |
| 24:41 | Construir | Farm |
| 24:42 | Construir | Farm |
| 24:42 | Construir | Farm |
| 24:42 | Construir | Farm |
| 24:43 | Construir | Farm |
| 24:43 | Construir | Farm |
| 24:44 | Construir | Farm |
| 24:44 | Construir | Farm |
| 24:44 | Construir | Farm |
| 24:44 | Construir | Farm |
| 24:45 | Construir | Farm |
| 24:45 | Construir | Farm |
| 24:45 | Construir | Farm |
| 24:45 | Construir | Farm |
| 24:46 | Construir | Farm |
| 24:47 | Construir | Farm |
| 24:47 | Construir | Farm |
| 24:48 | Construir | Farm |
| 24:50 | Crear | Villager (Male) |
| 24:50 | Crear | Villager (Male) |
| 25:41 | Construir | Siege Workshop |
Build order — tstien40
Primeras 150 de 274 acciones detectadas
| 0:07 | Construir | House |
| 0:08 | Construir | House |
| 0:18 | Crear | Villager (Male) |
| 0:19 | Investigar | Loom |
| 0:19 | Crear | Villager (Male) |
| 0:20 | Crear | Villager (Male) |
| 0:20 | Crear | Villager (Male) |
| 2:34 | Construir | Lumber Camp |
| 2:39 | Crear | Villager (Male) |
| 2:39 | Crear | Villager (Male) |
| 2:39 | Crear | Villager (Male) |
| 3:14 | Crear | Villager (Male) |
| 3:15 | Crear | Villager (Male) |
| 3:46 | Crear | Villager (Male) |
| 4:05 | Crear | Villager (Male) |
| 4:27 | Construir | House |
| 4:28 | Construir | House |
| 4:50 | Crear | Villager (Male) |
| 5:22 | Construir | Mill |
| 5:30 | Crear | Villager (Male) |
| 5:30 | Crear | Villager (Male) |
| 5:46 | Crear | Villager (Male) |
| 6:38 | Crear | Villager (Male) |
| 7:15 | Crear | Villager (Male) |
| 7:16 | Crear | Villager (Male) |
| 7:52 | Crear | Villager (Male) |
| 8:54 | Crear | Villager (Male) |
| 8:55 | Crear | Villager (Male) |
| 8:55 | Crear | Villager (Male) |
| 9:25 | Construir | House |
| 9:26 | Construir | House |
| 9:50 | Construir | Mining Camp |
| 10:16 | Construir | Mill |
| 10:41 | Construir | Mining Camp |
| 11:46 | Investigar | Feudal Age |
| 12:00 | Crear | Villager (Male) |
| 12:01 | Crear | Villager (Male) |
| 12:40 | Crear | Villager (Male) |
| 12:41 | Crear | Villager (Male) |
| 12:43 | Crear | Villager (Male) |
| 13:56 | Edad | Edad Feudal |
| 13:59 | Investigar | Horse Collar |
| 14:03 | Crear | Villager (Male) |
| 14:04 | Crear | Villager (Male) |
| 14:29 | Construir | Market |
| 14:33 | Construir | Blacksmith |
| 14:48 | Construir | Farm |
| 14:49 | Construir | Farm |
| 14:51 | Construir | Farm |
| 14:52 | Construir | Farm |
| 14:53 | Construir | Farm |
| 14:54 | Construir | Farm |
| 14:56 | Construir | Farm |
| 14:57 | Construir | Farm |
| 14:58 | Construir | Farm |
| 15:22 | Crear | Villager (Male) |
| 15:24 | Crear | Villager (Male) |
| 15:26 | Crear | Villager (Male) |
| 15:57 | Construir | Barracks |
| 16:03 | Construir | House |
| 16:05 | Construir | House |
| 16:06 | Construir | House |
| 18:19 | Investigar | Castle Age |
| 18:42 | Investigar | Double-Bit Axe |
| 18:59 | Construir | Stable |
| 20:45 | Construir | House |
| 20:46 | Construir | House |
| 20:59 | Edad | Edad de los Castillos |
| 21:03 | Construir | Castle |
| 21:17 | Construir | Town Center |
| 21:19 | Crear | Villager (Male) |
| 21:19 | Crear | Villager (Male) |
| 21:20 | Crear | Villager (Male) |
| 21:20 | Crear | Villager (Male) |
| 21:20 | Crear | Villager (Male) |
| 21:29 | Investigar | Heavy Plow |
| 21:35 | Construir | Farm |
| 21:39 | Construir | Farm |
| 21:41 | Construir | Farm |
| 21:42 | Construir | Farm |
| 22:04 | Crear | Spearman |
| 22:05 | Crear | Spearman |
| 22:21 | Investigar | Bloodlines |
| 22:30 | Crear | Villager (Male) |
| 22:30 | Crear | Villager (Male) |
| 22:30 | Crear | Villager (Male) |
| 22:31 | Crear | Villager (Male) |
| 23:44 | Crear | Boyar |
| 23:44 | Crear | Boyar |
| 23:45 | Crear | Boyar |
| 23:45 | Crear | Boyar |
| 24:04 | Construir | University |
| 24:37 | Construir | Mining Camp |
| 25:16 | Construir | Siege Workshop |
| 25:42 | Crear | Villager (Male) |
| 25:42 | Crear | Villager (Male) |
| 25:43 | Crear | Villager (Male) |
| 26:10 | Crear | Villager (Male) |
| 26:10 | Crear | Villager (Male) |
| 26:14 | Crear | Battering Ram |
| 26:15 | Crear | Battering Ram |
| 26:50 | Investigar | Tech 455 |
| 27:13 | Crear | Villager (Male) |
| 27:13 | Crear | Villager (Male) |
| 27:13 | Crear | Villager (Male) |
| 27:14 | Crear | Villager (Male) |
| 27:46 | Investigar | Pikeman (upgrade) |
| 27:47 | Crear | Spearman |
| 28:05 | Construir | Castle |
| 28:27 | Crear | Villager (Male) |
| 28:28 | Crear | Villager (Male) |
| 28:28 | Crear | Villager (Male) |
| 28:28 | Crear | Villager (Male) |
| 28:41 | Construir | Town Center |
| 29:21 | Crear | Boyar |
| 29:21 | Crear | Boyar |
| 29:22 | Crear | Boyar |
| 29:22 | Crear | Boyar |
| 29:22 | Crear | Boyar |
| 29:47 | Crear | Villager (Male) |
| 29:47 | Crear | Villager (Male) |
| 29:47 | Crear | Villager (Male) |
| 31:49 | Construir | Farm |
| 31:50 | Construir | Farm |
| 31:52 | Construir | Farm |
| 31:54 | Construir | Farm |
| 31:57 | Construir | Farm |
| 31:59 | Construir | Farm |
| 32:00 | Construir | Farm |
| 32:02 | Construir | Farm |
| 32:03 | Construir | Farm |
| 32:09 | Construir | Farm |
| 32:11 | Construir | Farm |
| 32:16 | Crear | Villager (Male) |
| 32:17 | Crear | Villager (Male) |
| 32:17 | Crear | Villager (Male) |
| 32:17 | Crear | Villager (Male) |
| 32:22 | Crear | Villager (Male) |
| 32:22 | Crear | Villager (Male) |
| 32:23 | Crear | Villager (Male) |
| 32:23 | Crear | Villager (Male) |
| 32:23 | Crear | Villager (Male) |
| 33:01 | Crear | Villager (Male) |
| 33:02 | Crear | Villager (Male) |
| 33:02 | Crear | Villager (Male) |
| 33:02 | Crear | Villager (Male) |
| 33:03 | Crear | Villager (Male) |
| 33:04 | Crear | Villager (Male) |
| 33:24 | Construir | Farm |
| 33:51 | Construir | Farm |
Build order — DrGranny
Primeras 150 de 307 acciones detectadas
| 0:13 | Crear | Villager (Male) ×4 |
| 0:13 | Crear | Villager (Male) ×4 |
| 0:20 | Construir | House |
| 0:21 | Construir | House |
| 0:24 | Construir | House |
| 0:29 | Construir | House |
| 0:30 | Construir | House |
| 1:41 | Crear | Villager (Male) |
| 1:41 | Crear | Villager (Male) |
| 1:54 | Construir | House |
| 1:56 | Construir | House |
| 1:57 | Construir | House |
| 2:29 | Crear | Villager (Male) |
| 2:47 | Crear | Villager (Male) |
| 2:48 | Crear | Villager (Male) |
| 3:17 | Crear | Villager (Male) |
| 3:17 | Crear | Villager (Male) |
| 3:35 | Crear | Villager (Male) |
| 3:36 | Crear | Villager (Male) |
| 3:55 | Crear | Villager (Male) |
| 3:55 | Crear | Villager (Male) |
| 4:14 | Crear | Villager (Male) |
| 4:30 | Crear | Villager (Male) |
| 4:30 | Crear | Villager (Male) |
| 4:31 | Crear | Villager (Male) |
| 5:01 | Crear | Villager (Male) |
| 5:38 | Crear | Villager (Male) |
| 5:39 | Crear | Villager (Male) |
| 6:02 | Crear | Villager (Male) |
| 6:37 | Crear | Villager (Male) |
| 7:06 | Construir | Mill |
| 7:16 | Crear | Villager (Male) |
| 7:49 | Investigar | Feudal Age |
| 8:01 | Construir | Lumber Camp |
| 9:26 | Construir | Mining Camp |
| 9:35 | Crear | Villager (Male) |
| 10:05 | Edad | Edad Feudal |
| 10:06 | Investigar | Double-Bit Axe |
| 10:10 | Investigar | Horse Collar |
| 10:13 | Investigar | Gold Mining |
| 10:22 | Crear | Villager (Male) |
| 10:22 | Crear | Villager (Male) |
| 10:23 | Crear | Villager (Male) |
| 10:23 | Crear | Villager (Male) |
| 10:34 | Construir | Farm |
| 10:53 | Crear | Villager (Male) |
| 10:59 | Construir | Farm |
| 11:21 | Crear | Villager (Male) |
| 11:25 | Construir | Farm |
| 11:50 | Construir | Farm |
| 11:57 | Crear | Villager (Male) |
| 11:58 | Crear | Villager (Male) |
| 12:17 | Construir | Farm |
| 12:21 | Crear | Villager (Male) |
| 12:21 | Crear | Villager (Male) |
| 12:21 | Crear | Villager (Male) |
| 12:21 | Crear | Villager (Male) |
| 12:40 | Construir | Farm |
| 12:57 | Crear | Villager (Male) |
| 13:01 | Investigar | Gold Mining |
| 13:06 | Construir | Farm |
| 13:25 | Crear | Villager (Male) |
| 13:31 | Construir | Farm |
| 13:48 | Crear | Villager (Male) |
| 13:56 | Construir | Farm |
| 14:00 | Crear | Villager (Male) |
| 14:23 | Construir | House |
| 14:24 | Construir | House |
| 14:25 | Construir | House |
| 14:26 | Construir | House |
| 14:29 | Construir | House |
| 14:31 | Construir | House |
| 14:32 | Construir | House |
| 14:33 | Construir | House |
| 14:38 | Crear | Villager (Male) |
| 14:49 | Construir | Farm |
| 14:56 | Construir | Farm |
| 14:58 | Construir | Farm |
| 15:01 | Construir | Farm |
| 15:03 | Construir | Farm |
| 15:04 | Construir | Farm |
| 15:06 | Construir | Farm |
| 15:07 | Construir | Farm |
| 15:14 | Construir | Farm |
| 15:16 | Crear | Villager (Male) |
| 15:36 | Construir | Farm |
| 15:54 | Crear | Villager (Male) |
| 16:00 | Construir | Farm |
| 16:13 | Crear | Villager (Male) |
| 16:27 | Construir | Farm |
| 16:48 | Crear | Villager (Male) |
| 17:00 | Investigar | Castle Age |
| 17:37 | Construir | Farm |
| 18:30 | Construir | Mining Camp |
| 18:32 | Investigar | Stone Mining |
| 19:24 | Crear | Villager (Male) |
| 19:24 | Crear | Villager (Male) |
| 19:53 | Edad | Edad de los Castillos |
| 19:57 | Investigar | Bow Saw |
| 19:59 | Investigar | Gold Shaft Mining |
| 20:02 | Investigar | Stone Shaft Mining |
| 20:05 | Investigar | Heavy Plow |
| 20:07 | Crear | Villager (Male) |
| 20:24 | Construir | Town Center |
| 20:29 | Crear | Villager (Male) |
| 20:38 | Crear | Villager (Male) |
| 20:46 | Construir | Monastery |
| 20:50 | Construir | Market |
| 21:01 | Crear | Villager (Male) |
| 21:13 | Crear | Villager (Male) |
| 21:35 | Crear | Monk |
| 22:17 | Crear | Villager (Male) |
| 22:21 | Investigar | Town Watch |
| 22:22 | Investigar | Wheelbarrow |
| 22:27 | Crear | Villager (Male) |
| 22:42 | Crear | Villager (Male) |
| 22:53 | Crear | Villager (Male) |
| 22:53 | Crear | Villager (Male) |
| 22:53 | Crear | Villager (Male) |
| 22:53 | Crear | Villager (Male) |
| 22:54 | Crear | Villager (Male) |
| 23:13 | Crear | Villager (Male) |
| 23:49 | Crear | Villager (Male) |
| 23:50 | Crear | Villager (Male) |
| 23:50 | Crear | Villager (Male) |
| 23:50 | Crear | Villager (Male) |
| 23:51 | Crear | Villager (Male) |
| 24:36 | Investigar | Imperial Age |
| 24:42 | Crear | Villager (Male) |
| 25:11 | Construir | Siege Workshop |
| 25:12 | Construir | Siege Workshop |
| 25:14 | Construir | Siege Workshop |
| 25:19 | Construir | Siege Workshop |
| 25:24 | Crear | Villager (Male) |
| 25:54 | Crear | Villager (Male) |
| 26:16 | Crear | Villager (Male) |
| 26:17 | Crear | Villager (Male) |
| 26:17 | Crear | Villager (Male) |
| 26:35 | Construir | Mining Camp |
| 27:03 | Construir | University |
| 27:09 | Crear | Villager (Male) |
| 27:10 | Crear | Villager (Male) |
| 27:10 | Crear | Villager (Male) |
| 27:38 | Crear | Villager (Male) |
| 27:52 | Construir | Castle |
| 28:01 | Crear | Villager (Male) |
| 28:01 | Crear | Villager (Male) |
| 28:01 | Edad | Edad Imperial |
| 28:07 | Investigar | Crop Rotation |
| 28:22 | Crear | Villager (Male) |
Build order — CHILEPALESTA
Primeras 150 de 223 acciones detectadas
| 0:03 | Investigar | Loom |
| 0:04 | Crear | Villager (Male) |
| 0:04 | Crear | Villager (Male) |
| 0:08 | Construir | House |
| 0:22 | Construir | House |
| 0:27 | Crear | Villager (Male) |
| 0:27 | Crear | Villager (Male) |
| 0:27 | Crear | Villager (Male) |
| 1:54 | Crear | Villager (Male) |
| 2:21 | Crear | Villager (Male) |
| 2:34 | Crear | Villager (Male) |
| 2:50 | Crear | Villager (Male) |
| 3:04 | Construir | Lumber Camp |
| 3:24 | Crear | Villager (Male) |
| 3:38 | Construir | House |
| 4:43 | Construir | Mill |
| 5:19 | Crear | Villager (Male) |
| 5:34 | Crear | Villager (Male) |
| 6:01 | Crear | Villager (Male) |
| 6:09 | Construir | House |
| 7:19 | Crear | Villager (Male) |
| 7:19 | Crear | Villager (Male) |
| 7:34 | Crear | Villager (Male) |
| 7:34 | Crear | Villager (Male) |
| 7:35 | Crear | Villager (Male) |
| 8:03 | Construir | House |
| 8:09 | Construir | Mining Camp |
| 8:25 | Construir | Mill |
| 8:28 | Crear | Villager (Male) |
| 8:29 | Crear | Villager (Male) |
| 8:29 | Crear | Villager (Male) |
| 9:00 | Construir | Farm |
| 9:28 | Construir | Farm |
| 9:36 | Crear | Villager (Male) |
| 11:09 | Crear | Villager (Male) |
| 11:10 | Crear | Villager (Male) |
| 11:48 | Crear | Villager (Male) |
| 12:22 | Investigar | Feudal Age |
| 13:27 | Construir | Farm |
| 13:29 | Construir | Farm |
| 13:31 | Construir | Farm |
| 13:33 | Construir | Farm |
| 13:35 | Construir | Farm |
| 13:36 | Construir | Farm |
| 14:18 | Crear | Villager (Male) |
| 14:18 | Crear | Villager (Male) |
| 14:19 | Crear | Villager (Male) |
| 14:19 | Crear | Villager (Male) |
| 14:39 | Investigar | Gold Mining |
| 14:42 | Investigar | Horse Collar |
| 14:49 | Investigar | Double-Bit Axe |
| 14:53 | Crear | Villager (Male) |
| 14:57 | Construir | House |
| 14:59 | Construir | House |
| 15:10 | Construir | Mining Camp |
| 15:41 | Construir | Lumber Camp |
| 15:46 | Crear | Villager (Male) |
| 15:46 | Crear | Villager (Male) |
| 16:10 | Crear | Villager (Male) |
| 16:10 | Crear | Villager (Male) |
| 17:15 | Crear | Villager (Male) |
| 17:38 | Construir | Lumber Camp |
| 17:57 | Construir | Market |
| 18:11 | Construir | Blacksmith |
| 18:15 | Crear | Villager (Male) |
| 18:16 | Crear | Villager (Male) |
| 18:25 | Construir | Farm |
| 18:41 | Crear | Villager (Male) |
| 18:50 | Construir | Lumber Camp |
| 18:55 | Construir | Farm |
| 19:09 | Investigar | Castle Age |
| 19:14 | Construir | Farm |
| 19:19 | Construir | Farm |
| 19:24 | Construir | Farm |
| 19:29 | Construir | Farm |
| 19:45 | Construir | Farm |
| 19:56 | Investigar | Forging |
| 20:08 | Construir | Lumber Camp |
| 20:20 | Construir | Farm |
| 21:01 | Investigar | Scale Barding Armor |
| 21:16 | Construir | Barracks |
| 21:23 | Construir | Barracks |
| 21:32 | Construir | House |
| 21:34 | Construir | House |
| 21:36 | Construir | House |
| 21:40 | Construir | House |
| 21:41 | Construir | House |
| 22:17 | Investigar | Wheelbarrow |
| 22:18 | Crear | Villager (Male) |
| 22:43 | Investigar | Pikeman (upgrade) |
| 22:45 | Crear | Spearman |
| 22:45 | Crear | Spearman |
| 22:46 | Crear | Spearman |
| 22:46 | Crear | Spearman |
| 22:49 | Investigar | Bow Saw |
| 22:58 | Investigar | Scale Mail Armor |
| 23:36 | Investigar | Man-at-Arms (upgrade) |
| 23:42 | Investigar | Squires |
| 23:44 | Crear | Militia |
| 23:55 | Construir | Town Center |
| 24:00 | Crear | Villager (Male) |
| 24:00 | Crear | Villager (Male) |
| 24:14 | Construir | Town Center |
| 24:25 | Crear | Militia |
| 24:29 | Investigar | Arson |
| 24:32 | Investigar | Gambesons |
| 24:35 | Construir | Farm |
| 24:38 | Crear | Villager (Male) |
| 25:24 | Construir | Farm |
| 25:28 | Construir | Farm |
| 25:31 | Investigar | Hand Cart |
| 25:39 | Construir | Farm |
| 25:41 | Construir | Farm |
| 25:44 | Construir | Farm |
| 25:47 | Construir | Farm |
| 25:52 | Crear | Villager (Male) |
| 25:52 | Crear | Villager (Male) |
| 25:58 | Crear | Villager (Male) |
| 26:10 | Construir | Monastery |
| 26:21 | Construir | Siege Workshop |
| 26:25 | Crear | Spearman |
| 26:25 | Crear | Spearman |
| 26:27 | Investigar | Long Swordsman (upgrade) |
| 26:35 | Construir | Farm |
| 26:51 | Crear | Monk |
| 26:52 | Crear | Monk |
| 27:07 | Investigar | Heavy Plow |
| 27:13 | Construir | Mining Camp |
| 27:21 | Crear | Villager (Male) |
| 27:21 | Crear | Villager (Male) |
| 27:31 | Investigar | Chain Mail Armor |
| 27:43 | Crear | Battering Ram |
| 27:44 | Crear | Battering Ram |
| 27:57 | Crear | Militia |
| 27:57 | Crear | Militia |
| 27:58 | Crear | Militia |
| 27:58 | Crear | Militia |
| 28:00 | Crear | Spearman |
| 28:00 | Crear | Spearman |
| 28:01 | Crear | Spearman |
| 28:01 | Crear | Spearman |
| 28:01 | Crear | Spearman |
| 28:02 | Crear | Spearman |
| 28:02 | Crear | Spearman |
| 28:02 | Crear | Spearman |
| 28:03 | Crear | Spearman |
| 28:20 | Crear | Villager (Male) |
| 28:34 | Investigar | Stone Mining |
| 28:41 | Crear | Villager (Male) |
| 28:45 | Crear | Villager (Male) |
Build order — Juicee
Primeras 150 de 190 acciones detectadas
| 0:19 | Crear | Villager (Male) |
| 0:19 | Crear | Villager (Male) |
| 0:19 | Crear | Villager (Male) |
| 0:20 | Crear | Villager (Male) |
| 0:20 | Crear | Villager (Male) |
| 0:20 | Crear | Villager (Male) |
| 0:23 | Construir | House |
| 0:24 | Construir | House |
| 0:25 | Construir | House |
| 1:49 | Construir | House |
| 1:52 | Construir | House |
| 1:53 | Construir | House |
| 1:55 | Construir | House |
| 1:56 | Construir | House |
| 2:18 | Crear | Villager (Male) |
| 2:18 | Crear | Villager (Male) |
| 3:04 | Crear | Villager (Male) |
| 3:04 | Crear | Villager (Male) |
| 3:05 | Crear | Villager (Male) |
| 3:51 | Crear | Villager (Male) |
| 3:51 | Crear | Villager (Male) |
| 3:51 | Crear | Villager (Male) |
| 4:55 | Crear | Villager (Male) |
| 4:55 | Crear | Villager (Male) |
| 4:55 | Crear | Villager (Male) |
| 4:55 | Crear | Villager (Male) |
| 5:29 | Crear | Villager (Male) |
| 5:29 | Crear | Villager (Male) |
| 5:30 | Crear | Villager (Male) |
| 7:06 | Construir | Lumber Camp |
| 7:25 | Crear | Villager (Male) |
| 7:26 | Crear | Villager (Male) |
| 7:26 | Crear | Villager (Male) |
| 7:26 | Crear | Villager (Male) |
| 8:04 | Crear | Villager (Male) |
| 8:20 | Construir | Mill |
| 9:24 | Construir | Lumber Camp |
| 9:32 | Investigar | Feudal Age |
| 10:04 | Crear | Villager (Male) ×2 |
| 10:55 | Construir | Farm |
| 10:56 | Construir | Farm |
| 10:57 | Construir | Farm |
| 10:58 | Construir | Farm |
| 11:42 | Edad | Edad Feudal |
| 11:45 | Investigar | Double-Bit Axe |
| 12:18 | Construir | Blacksmith |
| 12:31 | Construir | Market |
| 12:36 | Construir | Farm |
| 12:43 | Investigar | Horse Collar |
| 12:47 | Crear | Villager (Male) ×5 |
| 14:23 | Construir | Mining Camp |
| 14:35 | Construir | Farm |
| 14:47 | Construir | Farm |
| 15:05 | Construir | Mining Camp |
| 15:09 | Investigar | Wheelbarrow |
| 15:10 | Crear | Villager (Male) ×5 |
| 16:09 | Investigar | Gold Mining |
| 16:44 | Investigar | Town Watch |
| 16:55 | Construir | Farm |
| 18:10 | Investigar | Castle Age |
| 18:48 | Construir | Farm |
| 18:49 | Construir | Farm |
| 18:50 | Construir | Farm |
| 18:51 | Construir | Farm |
| 19:18 | Construir | Outpost |
| 19:27 | Construir | House |
| 19:28 | Construir | House |
| 19:35 | Construir | House |
| 19:37 | Construir | House |
| 19:39 | Construir | House |
| 19:40 | Construir | House |
| 19:41 | Construir | House |
| 19:43 | Construir | House |
| 19:46 | Construir | House |
| 19:47 | Construir | House |
| 19:50 | Construir | House |
| 19:51 | Construir | House |
| 19:53 | Construir | House |
| 19:55 | Construir | House |
| 19:57 | Construir | House |
| 20:12 | Construir | Stable |
| 20:39 | Investigar | Stone Mining |
| 20:46 | Crear | Villager (Male) ×5 |
| 21:11 | Investigar | Forging |
| 21:13 | Investigar | Fletching |
| 21:34 | Edad | Edad de los Castillos |
| 21:54 | Investigar | Husbandry |
| 21:55 | Investigar | Bloodlines |
| 22:31 | Construir | Castle |
| 23:06 | Crear | Battle Elephant ×3 |
| 24:14 | Construir | Stable |
| 24:20 | Construir | Stable |
| 24:43 | Investigar | Hand Cart |
| 24:43 | Crear | Villager (Male) ×3 |
| 25:19 | Crear | Battle Elephant ×2 |
| 26:07 | Crear | Battle Elephant ×2 |
| 26:07 | Crear | Battle Elephant ×2 |
| 26:22 | Construir | Farm |
| 26:42 | Investigar | Scale Barding Armor |
| 26:57 | Construir | Stone Wall |
| 27:13 | Construir | Farm |
| 27:13 | Construir | Farm |
| 27:18 | Crear | Villager (Male) ×4 |
| 27:18 | Crear | Villager (Male) ×4 |
| 27:26 | Construir | Town Center |
| 27:37 | Crear | Ballista Elephant |
| 28:13 | Construir | Stable |
| 28:15 | Construir | Stable |
| 28:56 | Construir | Farm |
| 28:56 | Construir | Farm |
| 28:57 | Construir | Farm |
| 29:03 | Investigar | Heavy Plow |
| 29:05 | Investigar | Gold Shaft Mining |
| 29:10 | Investigar | Bow Saw |
| 29:24 | Crear | Battle Elephant |
| 29:24 | Crear | Battle Elephant |
| 30:44 | Crear | Battle Elephant ×5 |
| 30:44 | Crear | Battle Elephant ×5 |
| 30:44 | Crear | Battle Elephant |
| 30:45 | Crear | Battle Elephant |
| 31:23 | Investigar | Iron Casting |
| 31:30 | Construir | Farm |
| 32:45 | Crear | Battle Elephant ×3 |
| 32:45 | Crear | Battle Elephant ×3 |
| 32:45 | Crear | Battle Elephant ×3 |
| 32:59 | Construir | Town Center |
| 33:03 | Crear | Villager (Male) ×5 |
| 33:04 | Crear | Villager (Male) ×5 |
| 33:04 | Crear | Villager (Male) ×5 |
| 33:04 | Crear | Villager (Male) ×5 |
| 34:14 | Investigar | Town Patrol |
| 34:15 | Crear | Villager (Male) ×4 |
| 34:24 | Construir | Farm |
| 34:25 | Construir | Farm |
| 34:26 | Construir | Farm |
| 34:52 | Construir | Stone Wall |
| 35:37 | Crear | Battle Elephant ×4 |
| 35:48 | Construir | Farm |
| 35:48 | Construir | Farm |
| 35:49 | Construir | Farm |
| 35:49 | Construir | Farm |
| 35:51 | Construir | Farm |
| 35:54 | Construir | Farm |
| 36:56 | Construir | Farm |
| 36:57 | Construir | Farm |
| 36:58 | Construir | Farm |
| 37:06 | Crear | Villager (Male) ×5 |
| 37:55 | Crear | Battle Elephant ×5 |
| 37:56 | Crear | Battle Elephant ×5 |
| 37:56 | Crear | Battle Elephant ×5 |
Cronología de la partida
| 8:49 | Frog 2nd · first_building Barracks |
| 10:05 | DrGranny · age_up feudal |
| 11:07 | 32066588 · first_building Barracks |
| 11:42 | Juicee · age_up feudal |
| 12:00 | 32066588 · age_up feudal |
| 13:07 | Frog 2nd · age_up feudal |
| 13:25 | Frog 2nd · first_building Archery Range |
| 13:56 | tstien40 · age_up feudal |
| 15:57 | tstien40 · first_building Barracks |
| 18:23 | Frog 2nd · age_up castle |
| 18:59 | tstien40 · first_building Stable |
| 19:53 | DrGranny · age_up castle |
| 20:12 | Juicee · first_building Stable |
| 20:32 | 32066588 · age_up castle |
| 20:46 | DrGranny · first_building Monastery |
| 20:59 | tstien40 · age_up castle |
| 21:03 | tstien40 · first_building Castle |
| 21:16 | CHILEPALESTA · first_building Barracks |
| 21:34 | Juicee · age_up castle |
| 22:15 | Frog 2nd · first_building Castle |
| 22:31 | Juicee · first_building Castle |
| 22:58 | DrGranny · first_market_sell 100 food |
| 23:50 | Frog 2nd · first_building Siege Workshop |
| 24:04 | 32066588 · first_building Siege Workshop |
| 24:44 | 32066588 · first_building Monastery |
| 25:11 | DrGranny · first_building Siege Workshop |
| 25:16 | tstien40 · first_building Siege Workshop |
| 25:51 | tstien40 · first_market_sell 100 wood |
| 26:10 | CHILEPALESTA · first_building Monastery |
| 26:21 | CHILEPALESTA · first_building Siege Workshop |
| 26:45 | 32066588 · first_building Castle |
| 26:57 | Juicee · wall_segment Stone Wall x1 |
| 27:52 | DrGranny · first_building Castle |
| 28:01 | DrGranny · age_up imperial |
| 28:34 | 32066588 · wall_segment Stone Wall x4 |
| 29:15 | DrGranny · first_market_buy 100 wood |
| 29:21 | 32066588 · wall_segment Stone Wall x3 |
| 30:00 | 32066588 · wall_segment Stone Wall x3 |
| 31:53 | CHILEPALESTA · first_market_sell 100 food |
| 31:59 | Frog 2nd · age_up imperial |
| 32:17 | Frog 2nd · wall_segment Stone Wall x6 |
| 33:51 | Frog 2nd · first_market_sell 100 wood |
| 34:52 | Juicee · wall_segment Stone Wall x1 |
| 37:45 | tstien40 · age_up imperial |
| 39:00 | Juicee · wall_segment Stone Wall x5 |
| 39:04 | Juicee · wall_segment Stone Wall x13 |
| 39:32 | 32066588 · age_up imperial |
| 39:32 | CHILEPALESTA · first_building Stable |
| 39:38 | Frog 2nd · first_building Stable |
| 40:15 | 32066588 · first_building Stable |
| 45:54 | 32066588 · first_market_buy 100 stone |
| 45:58 | tstien40 · resign |
| 46:08 | CHILEPALESTA · wall_segment Stone Wall x44 |
[ ANÁLISIS IA · 1 CRÉDITO ]
¿Qué pasó realmente en esta partida?
Wolo.gg analiza cada decisión: build order, eco, micro, errores típicos por bracket. Análisis personalizado por WhatsApp o Discord en 30 segundos.
Guía civ
Francos
Perfil
Jugador #622402